 Dungeon Crawl Stone Soup version 0.23-a0-49-gd9f7a49 (webtiles) character file.

6861 Amnesiac the Geomancer (level 10, -3/63 HPs)
             Began as a Mummy Earth Elementalist on Aug 6, 2018.
             Was an Initiate of Vehumet.
             Slain by Harold
             ... wielding a +0 glaive
              (9 damage)
             ... on level 9 of the Dungeon.
             The game lasted 00:20:38 (12415 turns).

Amnesiac the Geomancer (Mummy Earth Elementalist)  Turns: 12415, Time: 00:20:39

Health: -3/63      AC:  8    Str: 17    XL:     10   Next: 78%
Magic:  5/25       EV: 11    Int: 19    God:    Vehumet [......]
Gold:   484        SH:  0    Dex: 12    Spells: 15/32 levels left

rFire    x . .     SeeInvis +   a - +4 dagger (venom)
rCold    + + .     Gourm    .   (no shield)
rNeg     + + +     Faith    .   c - +3 leather armour
rPois    ∞         Spirit   .   r - +0 helmet "Trusted Companion" {rC+ Slay+2 SInv}
rElec    .         Reflect  .   i - +0 cloak
rCorr    .         Harm     .   (no gloves)
MR       .....                  (no boots)
Stlth    +.........             g - amulet of the acrobat
HPRegen  0.20/turn              j - +6 ring of strength
MPRegen  0.19/turn              (no ring)

@: vulnerable
A: no food or potions, fire vulnerability, cold resistance 1, negative energy
resistance 3, torment resistance, unbreathing
a: Renounce Religion


You were on level 9 of the Dungeon.
You worshipped Vehumet.
Vehumet was noncommittal.
You were not hungry.

You visited 3 branches of the dungeon, and saw 11 of its levels.
You also visited: Sewer.

You collected 484 gold pieces.

Inventory:

Hand Weapons
 a - a +4 dagger of venom (weapon)
 w - a +0 blowgun
Missiles
 k - 2 curare-tipped needles
 t - 346 stones (quivered)
Armour
 c - a +3 leather armour (worn)
 i - a +0 cloak (worn)
 r - the +0 helmet "Trusted Companion" (worn) {rC+ Slay+2 SInv}
   (You found it on level 6 of the Dungeon)

   It affects your accuracy and damage with ranged weapons and melee attacks
   (+2).
   It protects you from cold.
   It lets you see invisible.
Magical Staves
 b - an uncursed staff of energy
Jewellery
 g - an amulet of the acrobat (around neck)
 j - a +6 ring of strength (left hand)
Wands
 o - a wand of enslavement (14)
 q - a wand of polymorph (31)
Scrolls
 e - a scroll of blinking {!r}
 f - a scroll of identify {!r}
 l - a scroll of fog {!r}
 m - 3 scrolls of remove curse {!r}
 n - 6 scrolls of teleportation {!r}
 y - a scroll of amnesia {!r}


   Skills:
 - Level 1.5 Dodging
 - Level 1.5 Stealth
 + Level 11.5 Spellcasting
 - Level 0.7 Transmutations
 * Level 11.5 Earth Magic


You had 15 spell levels left.
You knew the following spells:

 Your Spells              Type           Power        Failure   Level  Hunger
a - Sandblast             Erth           ######       1%          1    N/A
b - Passwall              Tmut/Erth      ####....     1%          2    N/A
c - Stone Arrow           Conj/Erth      ####..       2%          3    N/A
d - Lee's Rapid Deconstr  Erth           ######....   1%          5    N/A
e - Petrify               Tmut/Erth      ####....     6%          4    N/A
v - Blink                 Tloc           N/A          12%         2    N/A

Your spell library contained the following spells:

 Spells                   Type           Power        Failure   Level  Hunger
 Magic Dart               Conj           ##..         8%          1    N/A
 Conjure Flame            Conj/Fire      ##......     24%         3    N/A
 Slow                     Hex            ##......     12%         2    N/A
 Mephitic Cloud           Conj/Pois/Air  ##......     24%         3    N/A
 Call Imp                 Summ           ##......     12%         2    N/A

Dungeon Overview and Level Annotations

Branches:
Dungeon (9/15)             Temple (1/1) D:7            Lair (0/6) D:8
    Orc (1/2) D:9

Altars:
Ashenzari
Cheibriados
Dithmenos
Elyvilon
Fedhas
Gozag
Hepliaklqana
Kikubaaqudgha
Makhleb
Nemelex Xobeh
Okawaru
Qazlal
Ru
Sif Muna
Trog
Uskayaw
Vehumet
Wu Jian
Xom
Yredelemnul
Zin
The Shining One

Shops:
D:4 [%

Annotations:
D:9 Harold


Innate Abilities, Weirdness & Mutations

You do not eat or drink.
Your flesh is vulnerable to fire.
You are immune to poison.
Your flesh is cold resistant. (rC+)
You are immune to negative energy. (rN+++)
You are immune to unholy pain and torment.
You can survive without breathing.


Message History

Harold easily resists.
Unknown command.
Casting: Petrify (safe; 6% risk of failure)
Confirm with . or Enter, or press ? or * to list all spells.
Aiming: Petrify (safe; 6% risk of failure)
Press: ? - help, Shift-Dir - straight line, f/p - Harold
Aim: Harold, wielding a glaive and wearing a shiny scale mail (chance to defeat MR: 28%) Harold easily resists.
Harold hits you with a glaive!
Unknown command.
Really read
d - a scroll of vulnerability {!r}?
As you read the scroll of vulnerability {!r}, it crumbles to dust.
Magic quickly surges around you. Harold hits you with a glaive!
* * * LOW HITPOINT WARNING * * *
Casting: Petrify (safe; 6% risk of failure)
Confirm with . or Enter, or press ? or * to list all spells.
Aiming: Petrify (safe; 6% risk of failure)
Press: ? - help, Shift-Dir - straight line, f/p - Harold
Aim: Harold, wielding a glaive and wearing a shiny scale mail (susceptible to hostile enchantments, chance to defeat MR: 53%) Harold is moving more slowly.
Harold hits you with a glaive!!
* * * LOW HITPOINT WARNING * * *
Unknown command.
Harold barely misses you.
Casting: Petrify (safe; 6% risk of failure)
Confirm with . or Enter, or press ? or * to list all spells.
Aiming: Lee's Rapid Deconstruction (safe; 1% risk of failure)
Press: ? - help, Dir - move target cursor, f/p - Harold Fragment what (e.g. wall or brittle monster)?: Harold, wielding a glaive and wearing a shiny scale mail (slowly petrifying, susceptible to hostile enchantments) Harold shatters!
Harold is moderately wounded.
Unknown command.
Harold stops moving altogether!
The helpless Harold fails to defend himself.
You puncture Harold!
Harold is heavily wounded.
The helpless Harold fails to defend himself.
You hit Harold but do no damage.
Harold is heavily wounded.
The helpless Harold fails to defend himself.
You hit Harold.
Harold is heavily wounded.
The helpless Harold fails to defend himself.
You puncture Harold!
Harold is heavily wounded.
The helpless Harold fails to defend himself.
You puncture Harold!
Harold is poisoned.
Harold is heavily wounded.
The helpless Harold fails to defend himself.
You puncture Harold!
Harold is severely wounded.
The helpless Harold fails to defend himself.
You hit Harold.
Harold is severely wounded.
Evoke which item? (* to show all) (? for menu, Esc to quit)
Okay, then.
Harold is no longer petrified.
Evoke which item? (* to show all) (? for menu, Esc to quit)
Aiming: Iceblast
Press: ? - help, Shift-Dir - straight line, f/p - Harold
Aim: Harold, wielding a glaive and wearing a shiny scale mail (severely wounded, poisoned, susceptible to hostile enchantments)
The mass of ice explodes!
The iceblast engulfs Harold.
Harold is severely wounded.
The now-empty wand crumbles to dust.
Harold hits you from afar with a glaive!
You die...

.......# #...# ######...###...#
.......###[..#####...............
............<....................
.......[.........................
..#####..........#####...........
#.# #..........# ###.........##
#.# #..........# #...........#
#.# #..........###.#.........#
#.# #.........@..............##
#.# #....)...................##
#.# #%.........@.............##
..# #........................##
..#####...........[.>..........##
........##......................[
####....##.....[....p......#.....
#....##.................#.....
#....##...))............#.....


You could see Harold and a neutral freed slave (wandering).

Vanquished Creatures
  Erica (D:8)
  A two-headed ogre (D:8)
  Pikel (D:9)
  An oklob plant (D:5)
  A komodo dragon (D:8)
  Grinder (D:5)
  Prince Ribbit (D:6)
  A hippogriff (D:7)
  Sigmund (D:6)
  Grum (D:8)
  3 ice beasts
  2 sky beasts
  A phantom (D:4)
  3 orc warriors
  A slave (D:9)
  4 wolves (D:8)
  An ogre (D:7)
  3 centaurs
  2 big kobolds
  3 bullfrogs
  6 killer bees (D:8)
  2 howler monkeys
  6 crimson imps
  A bullfrog zombie (D:5)
  2 centaur zombies
  A quasit (D:6)
  2 hounds (D:9)
  A jelly (D:9)
  10 orc wizards
  An orc priest (D:6)
  A gnoll shaman (D:6)
  Terence (D:2)
  8 worker ants
  Natasha (thrice) (D:2)
  A hound skeleton (D:6)
  A worker ant zombie (D:6)
  5 gnolls (D:6)
  11 adders
  2 river rats (Sewer)
  3 shadow imps
  3 oozes
  7 worms
  2 dart slugs
  4 leopard geckos
  34 orcs
  7 giant cockroaches
  7 goblins
  7 hobgoblins
  13 jackals
  5 quokkas
  3 ball pythons
  3 bats
  5 frilled lizards
  17 kobolds
  9 rats
  4 fungi (D:5)
  A plant (D:5)
232 creatures vanquished.

Vanquished Creatures (others)
  An orc (D:9)
  2 plants (D:8)
3 creatures vanquished.

Grand Total: 235 creatures vanquished

Notes
Turn   | Place    | Note
-------+----------+-------------------------------------------
     0 | D:1      | Amnesiac the Mummy Earth Elementalist began the quest for the Orb.
     0 | D:1      | Reached XP level 1. HP: 13/13 MP: 4/4
   153 | D:1      | Reached XP level 2. HP: 10/19 MP: 0/5
   157 | D:1      | Learned a level 2 spell: Passwall
   524 | D:2      | Noticed Natasha
   530 | D:2      | Killed Natasha
   530 | D:2      | Reached XP level 3. HP: 15/24 MP: 2/7
   535 | D:2      | Learned a level 3 spell: Stone Arrow
   936 | D:4      | Noticed a phantom
   946 | D:4      | Killed a phantom
   946 | D:4      | Reached XP level 4. HP: 15/30 MP: 0/10
   946 | D:4      | Reached XP level 5. HP: 18/35 MP: 0/11
   967 | D:4      | Learned a level 4 spell: Petrify
  1184 | D:3      | Found a shadowy altar of Dithmenos.
  1256 | D:3      | Found a snail-covered altar of Cheibriados.
  1392 | D:3      | Found a glowing drain.
  1402 | Sewer    | Entered a sewer
  1531 | Sewer    | Reached XP level 6. HP: 6/41 MP: 8/13
  1762 | Sewer    | Found a white marble altar of Elyvilon.
  1998 | D:4      | Reached skill level 5 in Spellcasting
  1998 | D:4      | Reached skill level 5 in Earth Magic
  2006 | D:4      | Learned a level 5 spell: Lee's Rapid Deconstruction
  2006 | D:4      | Found an ornate altar of the Wu Jian Council.
  2236 | D:4      | Noticed an orc warrior
  2272 | D:4      | Killed an orc warrior
  2299 | D:5      | Entered Level 5 of the Dungeon
  2569 | D:5      | Found a glowing silver altar of Zin.
  2570 | D:5      | Found an opulent altar of Gozag.
  2574 | D:5      | Found an iron altar of Okawaru.
  2694 | D:4      | Reached XP level 7. HP: 36/46 MP: 10/15
  2723 | D:4      | Found Bemy's Food Shoppe.
  2991 | D:4      | Found Caocytog's Armour Shoppe.
  3277 | D:4      | Learned a level 2 spell: Blink
  3708 | D:5      | Noticed Grinder
  3731 | D:5      | Killed Grinder
  3943 | D:5      | Reached XP level 8. HP: 14/52 MP: 11/18
  4222 | D:5      | Found a blossoming altar of Fedhas.
  4245 | D:5      | Noticed an oklob plant
  4277 | D:5      | Killed an oklob plant
  4783 | D:6      | Noticed Prince Ribbit
  4787 | D:6      | Killed Prince Ribbit
  5067 | D:6      | Reached XP level 9. HP: 42/57 MP: 3/21
  5223 | D:6      | Got a jewelled helmet
  5261 | D:6      | Noticed Sigmund
  5407 | D:6      | Killed Sigmund
  6271 | D:7      | Found a shimmering altar of Xom.
  6277 | D:7      | Found a burning altar of Makhleb.
  6277 | D:7      | Found a basalt altar of Yredelemnul.
  6278 | D:7      | Found a glowing golden altar of the Shining One.
  7012 | D:7      | Found a staircase to the Ecumenical Temple.
  7021 | Temple   | Entered the Ecumenical Temple
  7497 | D:2      | Identified the cursed +0 helmet "Trusted Companion" {rC+ Slay+2 SInv} (You found it on level 6 of the Dungeon)
  7528 | D:2      | Found a blossoming altar of Fedhas.
  7573 | D:2      | Noticed Natasha
  7576 | D:2      | Killed Natasha
  7776 | D:2      | Noticed Terence
  7812 | D:2      | Killed Terence
  8248 | D:8      | Reached skill level 10 in Earth Magic
  8371 | D:8      | Found an ancient bone altar of Kikubaaqudgha.
  8475 | D:8      | Noticed a two-headed ogre
  8484 | D:8      | Killed a two-headed ogre
  8484 | D:8      | Reached skill level 10 in Spellcasting
  8484 | D:8      | Reached XP level 10. HP: 63/63 MP: 8/24
  8666 | D:8      | Found a snail-covered altar of Cheibriados.
  8727 | D:8      | Noticed Grum
  8739 | D:8      | Killed Grum
  9023 | D:8      | Noticed Erica
  9054 | D:8      | Killed Erica
  9290 | D:8      | Found a staircase to the Lair.
  9966 | D:9      | Got a twisted chain mail
 10029 | D:9      | Noticed Pikel
 10034 | D:9      | Killed Pikel
 10112 | D:9      | Found a staircase to the Orcish Mines.
 10285 | D:9      | Found a radiant altar of Vehumet.
 10500 | D:9      | Identified the cursed +1 chain mail "Qecap" {rPois Str-3 SInv} (You took it off an orc on level 9 of the Dungeon)
 10505 | D:9      | Became a worshipper of Vehumet
 11787 | D:2      | Found a blossoming altar of Fedhas.
 12026 | D:2      | Noticed Natasha
 12030 | D:2      | Killed Natasha
 12367 | Orc:1    | Entered Level 1 of the Orcish Mines
 12377 | Orc:1    | Noticed Harold
 12398 | D:9      | HP: 3/63 [Harold/glaive (20)]
 12415 | D:9      | Slain by Harold

Vault maps used:
D:1:      lemuel_arrival_behind_the_door_large
D:2:      overflow_temple_1_default, minmay_circled_x, uniq_natasha,
          uniq_terence
D:3:      lemuel_coloured_pillars_altar, cheibrodos_sewer_entry_bend,
          first_ration, minmay_misc_feat_five, nicolae_dithmenos_shadow_blocks
D:4:      overflow_temple_1_default, serial_shops, shop, shop_statue,
          minmay_misc_feat_tower, saegor_snake_ambush
D:5:      grunt_temple_overflow_gold_and_silver, okawaru_trees_2, tgw_fedhas,
          uniq_grinder
D:6:      uniq_prince_ribbit1, uniq_sigmund
D:7:      grunt_temple_overflow_open, temple_hall, grunt_ogre_cave
D:8:      lemuel_doored_altar, david_lair_shrubbed, basic_altar, uniq_erica,
          uniq_grum
D:9:      fiery_altar_vehumet, david_orc_3, uniq_pikel
Temple:   eino_temple_lava
Orc:1:    cheibrodos_orc_guarddog, uniq_harold, uniq_snorg
Sewer:    sewer_kobolds

Skill      XL: |  1  2  3  4  5  6  7  8  9 10 |
---------------+-------------------------------+-----
Earth Magic    | 3 4 5 6 8 10 11 | 11.5
Spellcasting   | 3 4 5 6 8 10 11 | 11.5
Dodging        | |  1.5
Stealth        | |  1.5
Transmutations | |  0.7

Action                   |  1- 3 |  4- 6 |  7- 9 | 10-12 || total
-------------------------+-------+-------+-------+-------++-------
Melee: Dagger            |     2 |   139 |   285 |    99 ||   525
 Cast: Sandblast         |    38 |    21 |    52 |    17 ||   128
       Passwall          |       |     9 |     1 |     1 ||    11
       Stone Arrow       |       |     2 |       |       ||     2
       Petrify           |       |     1 |     9 |     6 ||    16
       Lee's Rapid Decon |       |       |    46 |    34 ||    80
Evoke: Wand              |       |       |     7 |     2 ||     9
  Use: Scroll            |       |     4 |     3 |     8 ||    15
 Stab: Sleeping          |       |     4 |     2 |       ||     6
       Petrified         |       |     4 |    15 |     7 ||    26
       Petrifying        |       |     1 |     1 |       ||     2
Armor: Robe              |       |    33 |    67 |     9 ||   109
       Leather armour    |       |       |       |    15 ||    15
Dodge: Dodged            |     5 |    90 |   195 |    78 ||   368

Table legend:
 A = Spawn XP
 B = Non-spawn XP
 C = Spawn XP percentage of total XP
 D = Spawn monster count
 E = Non-spawn monster count
 F = Spawn count percentage of total count
 G = Total turns spent on level
                    A         B        C        D         E        F      G
               +---------+---------+-------+---------+---------+-------+---------
         Total |       0 |    9802 |   0.0 |       0 |     226 |   0.0 | 12415
               +---------+---------+-------+---------+---------+-------+---------
           D:1 |       0 |      28 |   0.0 |       0 |      15 |   0.0 |   704
           D:2 |       0 |     254 |   0.0 |       0 |      28 |   0.0 |  1514
           D:3 |       0 |     157 |   0.0 |       0 |      38 |   0.0 |  1269
           D:4 |       0 |     606 |   0.0 |       0 |      31 |   0.0 |  1683
           D:5 |       0 |    1114 |   0.0 |       0 |      14 |   0.0 |  1726
           D:6 |       0 |    1325 |   0.0 |       0 |      22 |   0.0 |  1053
           D:7 |       0 |    1230 |   0.0 |       0 |      24 |   0.0 |  1504
           D:8 |       0 |    3636 |   0.0 |       0 |      24 |   0.0 |  1509
           D:9 |       0 |    1316 |   0.0 |       0 |      20 |   0.0 |   943
         Sewer |       0 |     136 |   0.0 |       0 |      10 |   0.0 |   398
               +---------+---------+-------+---------+---------+-------+---------
